PR
LONG ISLAND DUCKS @ LADUE RAMS
09/13/2042
 
TOP OF THE 1ST
Long Island Ducks batting - Pitching for Ladue Rams : RHP Andrei-Luiz Dawang
Pitching: RHP Andrei-Luiz Dawang
Batting: RHB George Samuels 0-0: Ball
1-0: Ball
2-0: Called Strike
2-1: Foul Ball, location: 2F
2-2: Strikes out looking
Batting: RHB Shu-yaan Seema 0-0: Called Strike
0-1: Foul Ball, location: 2F
0-2: Ball
1-2: Ball
2-2: Fly out, F7 (Flyball, 7LS, EV 73.8 MPH)
Batting: RHB Abdul Razzad Zaimukhes 0-0: Called Strike
0-1: Swinging Strike
0-2: Ball
1-2: Ball
2-2: Ground out 6-3 (Groundball, 56, EV 84.4 MPH)
Top of the 1st over - 0 runs, 0 hits, 0 errors, 0 left on base; Long Island 0 - Ladue 0
BOTTOM OF THE 1ST
Ladue Rams batting - Pitching for Long Island Ducks : LHP Byung-hyun Kim
Pitching: LHP Byung-hyun Kim
Batting: RHB Luis Colmenaris 0-0: Called Strike
0-1: Ball
1-1: Foul Ball, location: 2F
1-2: Ball
2-2: Foul Ball, location: 2F
2-2: Ball
3-2: Strikes out swinging
Batting: RHB Drew Rose 0-0: DOUBLE (Line Drive, 9LM, EV 105.6 MPH)
Batting: RHB Tangaloa Manaolana 0-0: SINGLE (Line Drive, 6MD, EV 99.4 MPH)
Drew Rose to third
Batting: RHB Muneyaki Hayashi 0-0: Swinging Strike
Balk!
Drew Rose scores
Tangaloa Manaolana to second
0-1: Ball
1-1: Ball
2-1: Foul Ball, location: 2F
2-2: Foul Ball, location: 2F
2-2: Ground out 4-3 (Groundball, 4, EV 82.5 MPH)
Tangaloa Manaolana to third
Batting: LHB Ruff McGruffin 0-0: Ball
1-0: Called Strike
1-1: Called Strike
1-2: Ball
2-2: Ball
3-2: Ground out U3 (Groundball, 3, EV 105.0 MPH)
Bottom of the 1st over - 1 run, 2 hits, 0 errors, 1 left on base; Long Island 0 - Ladue 1
TOP OF THE 2ND
Long Island Ducks batting - Pitching for Ladue Rams : RHP Andrei-Luiz Dawang
Batting: LHB Michizane Yamashita 0-0: Called Strike
0-1: Ball
1-1: Fly out, F1 (Line Drive, P, EV 71.9 MPH)
Batting: RHB Alfredo Torres 0-0: Swinging Strike
0-1: DOUBLE (Flyball, 89D, EV 96.9 MPH)
Batting: RHB Al Ruíz 0-0: Called Strike
0-1: Called Strike
0-2: Strikes out swinging
Batting: LHB Danny Stone 0-0: Called Strike
0-1: Foul Ball, location: 2F
0-2: Ball
1-2: Strikes out swinging
Top of the 2nd over - 0 runs, 1 hit, 0 errors, 1 left on base; Long Island 0 - Ladue 1
BOTTOM OF THE 2ND
Ladue Rams batting - Pitching for Long Island Ducks : LHP Byung-hyun Kim
Batting: RHB César Hinojosa 0-0: Called Strike
0-1: Called Strike
0-2: Ball
1-2: SINGLE (Line Drive, 6D, EV 99.4 MPH)
Batting: SHB Tom Lenehan 0-0: Ball
1-0: Ball
2-0: Called Strike
2-1: Ball
3-1: Swinging Strike
3-2: Strikes out swinging
Batting: LHB Jermaine Tuttle 0-0: Called Strike
0-1: Ball
1-1: Ball
2-1: Called Strike
2-2: Ball
3-2: Foul Ball, location: 2F
3-2: Strikes out swinging
Batting: LHB Guillermo Valverde 0-0: Ball
1-0: Fly out, F9 (Flyball, 9LDF, EV 106.2 MPH)
Bottom of the 2nd over - 0 runs, 1 hit, 0 errors, 1 left on base; Long Island 0 - Ladue 1
TOP OF THE 3RD
Long Island Ducks batting - Pitching for Ladue Rams : RHP Andrei-Luiz Dawang
Batting: RHB Edgardo Becerra 0-0: Called Strike
0-1: Foul Ball, location: 2F
0-2: Foul Ball, location: 2F
0-2: Ball
1-2: Strikes out looking
Batting: LHB Brad Brown 0-0: Called Strike
0-1: Swinging Strike
0-2: Foul Ball, location: 2F
0-2: Ball
1-2: Ball
2-2: Strikes out swinging
Batting: RHB George Samuels 0-0: Swinging Strike
0-1: Ball
1-1: DOUBLE (Line Drive, 8LXD, EV 110.6 MPH)
Batting: RHB Shu-yaan Seema 0-0: Foul Ball, location: 2F
0-1: Ball
1-1: Foul Ball, location: 2F
1-2: Strikes out swinging
Top of the 3rd over - 0 runs, 1 hit, 0 errors, 1 left on base; Long Island 0 - Ladue 1
BOTTOM OF THE 3RD
Ladue Rams batting - Pitching for Long Island Ducks : LHP Byung-hyun Kim
Batting: RHB Luis Colmenaris 0-0: Called Strike
0-1: Foul Ball, location: 2F
0-2: SINGLE (Groundball, 34D, EV 105.0 MPH)
Batting: RHB Drew Rose 0-0: Ball
1-0: Called Strike
1-1: Swinging Strike
1-2: Ground out 6-3 (Groundball, 6, EV 79.4 MPH)
Luis Colmenaris to second
Batting: RHB Tangaloa Manaolana 0-0: Foul Ball, location: 2F
0-1: Ball
1-1: Ball
2-1: Ball
3-1: Ground out 5-3 (Groundball, 56S, EV 88.1 MPH)
Batting: RHB Muneyaki Hayashi 0-0: Called Strike
0-1: Ball
1-1: Ground out 4-3 (Groundball, 4M, EV 83.1 MPH)
Bottom of the 3rd over - 0 runs, 1 hit, 0 errors, 1 left on base; Long Island 0 - Ladue 1
TOP OF THE 4TH
Long Island Ducks batting - Pitching for Ladue Rams : RHP Andrei-Luiz Dawang
Batting: RHB Abdul Razzad Zaimukhes 0-0: Called Strike
0-1: SINGLE (Line Drive, 9S, EV 90.6 MPH)
Batting: LHB Michizane Yamashita 0-0: Called Strike
0-1: Foul Ball, location: 2F
0-2: Strikes out swinging
Batting: RHB Alfredo Torres 0-0: Called Strike
0-1: Called Strike
Abdul Razzad Zaimukhes is caught stealing 2nd base 2-4
0-2: Strikes out looking
Top of the 4th over - 0 runs, 1 hit, 0 errors, 0 left on base; Long Island 0 - Ladue 1
BOTTOM OF THE 4TH
Ladue Rams batting - Pitching for Long Island Ducks : LHP Byung-hyun Kim
Batting: LHB Ruff McGruffin 0-0: SINGLE (Groundball, 4MD, EV 95.6 MPH)
Batting: RHB César Hinojosa 0-0: Ball
1-0: Grounds into double play, 4-6-3 (Groundball, 4M, EV 97.5 MPH)
Batting: SHB Tom Lenehan 0-0: Called Strike
0-1: Ball
1-1: Swinging Strike
1-2: Ball
2-2: Strikes out swinging
Bottom of the 4th over - 0 runs, 1 hit, 0 errors, 0 left on base; Long Island 0 - Ladue 1
TOP OF THE 5TH
Long Island Ducks batting - Pitching for Ladue Rams : RHP Andrei-Luiz Dawang
Batting: RHB Al Ruíz 0-0: Ball
1-0: Ball
2-0: Swinging Strike
2-1: Foul Ball, location: 2F
2-2: Ball
3-2: Strikes out swinging
Batting: LHB Danny Stone 0-0: Foul Ball, location: 2F
0-1: Called Strike
0-2: Strikes out swinging
Batting: RHB Edgardo Becerra 0-0: Called Strike
0-1: Called Strike
0-2: Foul Ball, location: 2F
0-2: Ball
1-2: Ball
2-2: Ball
3-2: Foul Ball, location: 2F
3-2: Foul Ball, location: 2F
3-2: SINGLE (Groundball, 23, EV 66.2 MPH) (infield hit)
Batting: LHB Brad Brown 0-0: Ball
1-0: Ball
2-0: Swinging Strike
2-1: Foul Ball, location: 2F
2-2: Ball
3-2: Strikes out looking
Top of the 5th over - 0 runs, 1 hit, 0 errors, 1 left on base; Long Island 0 - Ladue 1
BOTTOM OF THE 5TH
Ladue Rams batting - Pitching for Long Island Ducks : LHP Byung-hyun Kim
Batting: LHB Jermaine Tuttle 0-0: Called Strike
0-1: Called Strike
0-2: Strikes out swinging
Pitching: RHP Jerome Henderson
Batting: LHB Guillermo Valverde 0-0: Called Strike
0-1: Foul Ball, location: 2F
0-2: Fly out, F7 (Line Drive, 7D, EV 89.4 MPH)
Batting: RHB Luis Colmenaris 0-0: Ball
1-0: Bunted foul
1-1: Swinging Strike
1-2: Ball
2-2: Foul Ball, location: 2F
2-2: Ground out 4-3 (Groundball, 4M, EV 86.9 MPH)
Bottom of the 5th over - 0 runs, 0 hits, 0 errors, 0 left on base; Long Island 0 - Ladue 1
TOP OF THE 6TH
Long Island Ducks batting - Pitching for Ladue Rams : RHP Andrei-Luiz Dawang
Batting: RHB George Samuels 0-0: Fly out, F7 (Flyball, 7S, EV 90.0 MPH)
Batting: RHB Shu-yaan Seema 0-0: Fly out, F7 (Flyball, 78D, EV 103.8 MPH)
Batting: RHB Abdul Razzad Zaimukhes 0-0: Ball
1-0: Fly out, F4 (Popup, 34S, EV 77.5 MPH)
Top of the 6th over - 0 runs, 0 hits, 0 errors, 0 left on base; Long Island 0 - Ladue 1
BOTTOM OF THE 6TH
Ladue Rams batting - Pitching for Long Island Ducks : RHP Jerome Henderson
Batting: RHB Drew Rose 0-0: Ball
1-0: Foul Ball, location: 2F
1-1: Called Strike
1-2: Strikes out swinging
Batting: RHB Tangaloa Manaolana 0-0: Ball
1-0: Ball
2-0: Called Strike
2-1: Foul Ball, location: 2F
2-2: Ball
3-2: Strikes out swinging
Batting: RHB Muneyaki Hayashi 0-0: Ball
1-0: Fly out, F8 (Flyball, 89D, EV 93.1 MPH)
Bottom of the 6th over - 0 runs, 0 hits, 0 errors, 0 left on base; Long Island 0 - Ladue 1
TOP OF THE 7TH
Long Island Ducks batting - Pitching for Ladue Rams : RHP Andrei-Luiz Dawang
Batting: LHB Michizane Yamashita 0-0: Called Strike
0-1: Fly out, F9 (Flyball, 9LM, EV 75.6 MPH)
Batting: RHB Alfredo Torres 0-0: Ball
1-0: Ground out 5-3 (Groundball, 5, EV 109.4 MPH)
Batting: RHB Al Ruíz 0-0: Fly out, F3 (Popup, 3L, EV 69.4 MPH)
Top of the 7th over - 0 runs, 0 hits, 0 errors, 0 left on base; Long Island 0 - Ladue 1
BOTTOM OF THE 7TH
Ladue Rams batting - Pitching for Long Island Ducks : RHP Jerome Henderson
Batting: LHB Ruff McGruffin 0-0: Foul Ball, location: 2F
0-1: Called Strike
0-2: Ball
1-2: Ball
2-2: Ball
3-2: Base on Balls
Batting: RHB César Hinojosa 0-0: Bunted foul
0-1: Ball
1-1: Ball
2-1: Bunted foul
2-2: Foul Ball, location: 2F
2-2: Strikes out swinging
Batting: SHB Tom Lenehan 0-0: Called Strike
0-1: Swinging Strike
0-2: Strikes out swinging
Batting: LHB Jermaine Tuttle 0-0: Foul Ball, location: 2F
0-1: Ball
1-1: Ball
2-1: Foul Ball, location: 2F
2-2: Fly out, F8 (Line Drive, 8LD, EV 90.0 MPH)
Bottom of the 7th over - 0 runs, 0 hits, 0 errors, 1 left on base; Long Island 0 - Ladue 1
TOP OF THE 8TH
Long Island Ducks batting - Pitching for Ladue Rams : RHP Andrei-Luiz Dawang
Pitching: LHP Albert Crawford
Batting: LHB Danny Stone 0-0: Ball
1-0: Ball
2-0: Ground out 4-3 (Groundball, 4, EV 108.1 MPH)
Batting: RHB Edgardo Becerra 0-0: Foul Ball, location: 2F
0-1: Ball
1-1: Swinging Strike
1-2: SINGLE (Groundball, 4S, EV 85.0 MPH) (infield hit)
Batting: LHB Brad Brown 0-0: Ball
1-0: Called Strike
1-1: Ball
2-1: Foul Ball, location: 2F
2-2: Fly out, F7 (Flyball, 78D, EV 86.9 MPH)
Batting: RHB George Samuels 0-0: Called Strike
0-1: SINGLE (Groundball, 56, EV 105.0 MPH) (infield hit)
Edgardo Becerra to second
Batting: RHB Shu-yaan Seema 0-0: Called Strike
0-1: Ball
1-1: Called Strike
1-2: Strikes out swinging
Top of the 8th over - 0 runs, 2 hits, 0 errors, 2 left on base; Long Island 0 - Ladue 1
BOTTOM OF THE 8TH
Ladue Rams batting - Pitching for Long Island Ducks : RHP Jerome Henderson
Batting: LHB Guillermo Valverde 0-0: Ball
1-0: Ball
2-0: SINGLE (Line Drive, 6MD, EV 104.4 MPH)
Pitching: RHP Harvey Caldwell
Batting: RHB Luis Colmenaris 0-0: Sac Bunt to 2R - play at first, batter OUT! 2-4
Guillermo Valverde to second
Batting: RHB Drew Rose 0-0: Ball
1-0: Ball
2-0: Ball
3-0: Base on Balls
Batting: RHB Tangaloa Manaolana 0-0: Ball
1-0: Grounds into double play, 5-4-3 (Groundball, 56, EV 88.8 MPH)
Bottom of the 8th over - 0 runs, 1 hit, 0 errors, 1 left on base; Long Island 0 - Ladue 1
TOP OF THE 9TH
Long Island Ducks batting - Pitching for Ladue Rams : LHP Albert Crawford
Batting: RHB Abdul Razzad Zaimukhes 0-0: Ball
1-0: Called Strike
1-1: Called Strike
1-2: Foul Ball, location: 2F
1-2: Ball
2-2: Foul Ball, location: 2F
2-2: Strikes out looking
Batting: LHB Michizane Yamashita 0-0: Ball
1-0: Fly out, F8 (Flyball, 8RM, EV 90.0 MPH)
Batting: RHB Alfredo Torres 0-0: Fly out, F9 (Flyball, 89D, EV 99.4 MPH)
Top of the 9th over - 0 runs, 0 hits, 0 errors, 0 left on base; Long Island 0 - Ladue 1
Friday, March 26th, 2021 - OOTP Baseball 20.8 Build 74